 Dungeon Crawl Stone Soup version 0.24-a0-284-g9fb9971 (webtiles) character file.

Game seed: 8369469624998273608

21 Anon1729 the Ducker (level 2, 0/23 HPs)
             Began as a Vampire Monk on May 5, 2019.
             Slain by an orc
             ... wielding a cursed -2 mace
              (4 damage)
             ... on level 1 of the Dungeon.
             The game lasted 00:01:07 (610 turns).

Anon1729 the Ducker (Vampire Monk)                   Turns: 610, Time: 00:01:08

Health: 0/23       AC:  2    Str: 10    XL:     2   Next: 62%
Magic:  2/2        EV: 14    Int: 12    God:
Gold:   52         SH:  0    Dex: 16    Spells: 1/1 levels left

rFire    . . .     SeeInvis +   a - +0 falchion
rCold    . . .     Gourm    .   (no shield)
rNeg     + . .     Faith    .   b - +0 robe
rPois    .         Spirit   .   (no helmet)
rElec    .         Reflect  .   (no cloak)
rCorr    .         Harm     .   (no gloves)
MR       .....                  (no boots)
Stlth    ++........             (no amulet)
HPRegen  0.07/turn              (no ring)
MPRegen  0.08/turn              (no ring)

@: no status effects
A: fangs 3, see invisible, unbreathing
a: no special abilities


You were on level 1 of the Dungeon.
You were not thirsty.

You visited 1 branch of the dungeon, and saw 2 of its levels.

You collected 52 gold pieces.

Inventory:

Hand Weapons
 a - a +0 falchion (weapon)
Armour
 b - a +0 robe (worn)
Scrolls
 f - a scroll of fog {unknown}
Potions
 c - 9 potions of blood
 d - a potion of agility {unknown}
 e - 3 potions of curing {unknown}
 g - a potion of ambrosia {unknown}
 h - a potion of heal wounds {unknown}
 i - a potion of degeneration {unknown}


   Skills:
 + Level 2.9 Fighting
 * Level 3.3 Long Blades
 * Level 3.7 Dodging
 + Level 3.3 Stealth


You had one spell level left.
You didn't know any spells.
Your spell library was empty.

Dungeon Overview and Level Annotations

Branches:
Dungeon (2/15)

Altars:


Innate Abilities, Weirdness & Mutations

You have razor-sharp teeth.
You have supernaturally acute eyesight. (SInv)
You can survive without breathing.


Message History

Unknown command.
The orc misses you.
You climb upwards.
There is a stone staircase leading down here.
You completely miss the orc. You closely miss the orc.
The orc closely misses you.
You riposte.
You hit the orc but do no damage. You barely miss the orc.
The orc hits you with a cursed -2 mace.
You hit the orc but do no damage. Your bite misses the orc.
The orc barely misses you.
You closely miss the orc. The orc completely misses you.
You barely miss the orc. The orc hits you with a cursed -2 mace.
* * * LOW HITPOINT WARNING * * *
You hit the orc but do no damage. The orc closely misses you.
Sorry, you're not good enough to have a special ability.
Unknown command.
You hit the orc.
The orc is heavily wounded.
The orc hits you with a cursed -2 mace.
You die...

..#.###..........# #.# #.###
.#########.......########.###...#
.................................
##..######.......####......##..#.
##.## #.........###..#........
#..#####..###.##.....##..###.#.
##.......####.###..#####..##.#.
####).........##..######.##.#.
#...######o@.........#.##.#.
#.#........####......#..#...
####.#>######## ######.##....#
##.(..#.# #........ ##..####.#
#.##...#. ...## #.# #....#.##
.### #.# ≈§##.##.#.## .# #.#§≈§
≈≈≈§#.##.#..# .## #.#§§≈
####≈§§≈≈#.##.##..


You could see an orc.

Vanquished Creatures
  A dart slug (D:1)
  2 leopard geckos (D:1)
  2 bats (D:1)
  A giant cockroach (D:1)
  2 goblins (D:1)
  2 hobgoblins (D:1)
  2 kobolds (D:1)
  4 rats (D:1)
16 creatures vanquished.

Notes
Turn   | Place    | Note
-------+----------+-------------------------------------------
     0 | D:1      | Anon1729 the Vampire Monk began the quest for the Orb.
     0 | D:1      | Reached XP level 1. HP: 17/17 MP: 1/1
   149 | D:1      | Reached XP level 2. HP: 15/23 MP: 2/2
   610 | D:1      | Slain by an orc

Levels and vault maps discovered:
D:1:      lightli_molten_gateway, layout_rooms, hex_medium
D:2:      layout_basic, zin_treasury, first_ration, nrook_campfire,
          nicolae_ru_sacrificial_ziggurat

Action                   || total
-------------------------++-------
Melee: Falchion          ||    65
       Bite              ||     6
 Stab: Sleeping          ||     4
Armor: Robe              ||    12
Dodge: Dodged            ||    63
       Rpst.: Falchion   ||    17

Table legend:
 A = Non-vault XP
 B = Vault XP
 C = Vault XP percentage of total XP
 D = Non-vault monster count
 E = Vault monster count
 F = Vault count percentage of total count
                 A         B        C        D         E       F
            +---------+---------+-------+---------+---------+-------
      Total |      30 |       0 |   0.0 |      16 |       0 |   0.0
            +---------+---------+-------+---------+---------+-------
        D:1 |      30 |       0 |   0.0 |      16 |       0 |   0.0
            +---------+---------+-------+---------+---------+-------
